Map: 코스믹 사파이어

Players

Silky

  • Race: Zerg Zerg
  • Spawn Location: 5:00

NightMare - Winner!

  • Race: Protoss Protoss
  • Spawn Location: 11:00

Event: DreamHack SC2 Masters 2022 Atlanta (Offline)

VOD

Have the link to the VOD?

Description

Time

  • Played on: Nov. 18, 2022, 11:57 a.m.
  • Length: 13:54

All games in this series

Show
View Real Time Build Order
Export as new Build Order

Silky Zerg 

Build Orders: Hatch First 

Get SALT Encoding   

  12  0:00  Drone  
  13  0:12  Overlord  
  13  0:17  Drone  
  14  0:31  Drone x2  
  16  0:48  Hatchery  
  15  0:52  Drone  
  15  0:55  Drone  
  17  0:59  Drone  
  18  1:09  Extractor  
  17  1:13  Spawning Pool  
  17  1:17  Drone  
  17  1:20  Drone  
  18  1:28  Drone  
  19  1:38  Drone  
  20  1:50  Overlord  
  20  2:00  Queen x2  
  24  2:01  Zergling x4  
  26  2:10  Drone  
  26  2:11  Drone  
  26  2:14  Metabolic Boost  
  28  2:23  Drone x2  
  30  2:36  Hatchery  
  29  2:41  Drone  
  29  2:43  Drone  
  31  2:47  Overlord  
  31  2:52  Queen  
  33  2:59  Drone x3  
  36  3:06  Queen  
  36  3:10  Zergling x2  
  36  3:11  Zergling x2  
  40  3:17  Overlord  
  40  3:20  Drone x3  
  40  3:24  Drone  
  44  3:31  Roach Warren  
  44  3:33  Extractor  
  42  3:35  Drone x2  
  42  3:38  Drone  
  45  3:46  Queen  
  45  3:48  Drone x3  
  50  3:53  Overlord  
  50  3:54  Overlord  
  50  4:06  Overlord  
  50  4:13  Roach x2  
  50  4:14  Zergling x2, Roach x2  
  50  4:15  Zergling x4  
  61  4:19  Spore Crawler  
  60  4:24  Drone  
  60  4:26  Zergling x4  
  60  4:28  Zergling x2  
  60  4:29  Zergling x2  
  60  4:30  Spore Crawler  
  63  4:32  Zergling x2  
  63  4:33  Zergling x2  
  63  4:34  Ravager  
  63  4:35  Ravager  
  63  4:36  Ravager  
  68  4:41  Zergling x4  
  68  4:42  Zergling x2  
  71  4:46  Zergling x6  
  74  4:55  Zergling x2  
  74  4:56  Overlord  
  74  5:05  Overlord  
  74  5:11  Lair  
  74  5:16  Zergling x16  
  81  5:23  Zergling x6  
  81  5:24  Zergling x4  
  86  5:32  Overlord  
  86  5:42  Zergling x10  
  80  5:52  Drone x3  
  80  5:55  Evolution Chamber  
  80  5:56  Drone x5  
  80  5:57  Drone  
  88  5:58  Drone  
  88  6:00  Extractor  
  88  6:04  Drone  
  88  6:08  Glial Reconstitution  
  88  6:09  Drone x3  
  92  6:17  Overseer, Overlord  
  92  6:18  Overlord  
  92  6:23  Zerg Melee Weapons Level 1  
  92  6:25  Drone x3  
  95  6:35  Drone x5  
  95  6:38  Drone  
  95  6:39  Drone  
  97  6:41  Drone x2  
  99  6:47  Roach  
  99  6:48  Roach x2  
  99  6:52  Zergling x2  
  99  6:53  Zergling x6  
  108  6:56  Overlord  
  108  7:03  Zergling x2, Roach x2  
  108  7:04  Overlord  
  108  7:08  Overlord  
  112  7:15  Baneling Nest  
  111  7:18  Roach x4  
  111  7:20  Zergling x6  
  122  7:23  Ravager x5  
  122  7:29  Zergling x4  
  129  7:31  Overlord  
  121  7:40  Zergling x16  
  121  7:41  Overseer  
  109  7:47  Zergling x2  
  107  7:52  Roach x4  
  107  7:55  Ravager x2  
  117  7:58  Drone x2  
  117  8:00  Drone x4  
  117  8:01  Extractor x3  
  117  8:02  Hatchery  
  119  8:08  Drone x2  
  119  8:12  Ravager x2  
  123  8:15  Roach x2  
  123  8:17  Drone x2  
  123  8:18  Overlord x2  
  129  8:24  Overlord  
  129  8:30  Centrifugal Hooks  
  129  8:36  Zergling x2  
  129  8:37  Zergling x16  
  129  8:39  Zerg Melee Weapons Level 2  
  138  8:44  Drone  
  138  8:48  Roach  
  141  8:50  Drone x2  
  141  8:52  Overseer, Roach x2  
  147  9:00  Baneling x5  
  147  9:06  Zergling x14  
  154  9:14  Overlord x2  
  154  9:20  Infestation Pit  
  154  9:21  Zergling x2  
  154  9:22  Zergling x14  
  157  9:27  Spire  
  157  9:30  Baneling  
  157  9:31  Baneling x2  
  154  9:32  Baneling  
  146  9:38  Drone x3  
  146  9:40  Drone x2  
  146  9:41  Drone x4  
  146  9:45  Drone x3  
  158  9:49  Drone  
  158  9:50  Drone x3  
  162  9:58  Hive  
  162  9:59  Zergling x8, Hydralisk Den  
  163  10:00  Zergling x2, Hatchery  
  163  10:02  Drone x2  
  163  10:03  Drone  
  163  10:07  Drone x3  
  168  10:13  Zergling x2, Ravager x2  
  168  10:14  Zergling x4  
  174  10:34  Zergling x32  
  166  10:44  Lurker Den  
  166  10:49  Corruptor x7  
  173  10:51  Corruptor  
  175  10:57  Extractor  
  175  10:58  Extractor  
  175  11:02  Overlord x3  
  173  11:07  Baneling x11  
  163  11:18  Baneling  
  163  11:19  Baneling x6  
  163  11:20  Zergling x16  
  163  11:21  Zergling x10  
  176  11:27  Zergling x2  
  176  11:28  Zergling x12  
  176  11:30  Baneling x2  
  176  11:44  Zergling x24  
  167  11:51  Greater Spire  
  165  11:56  Adrenal Glands  
  165  12:07  Corruptor  
  159  12:48  Zergling x2  
  159  12:49  Zergling x52  
  185  12:53  Baneling  
  185  12:54  Baneling x21  
  181  13:01  Zergling x16  
  180  13:06  Brood Lord x4  
  180  13:10  Zergling x10  
  176  13:18  Zergling x2  
  176  13:19  Zergling x6  
  166  13:23  Baneling x22  
  161  13:29  Zergling x6  
Show
View Real Time Build Order
Export as new Build Order

NightMare Protoss - Winner!

Build Orders: 1 Gate Expand 

Get SALT Encoding   

  12  0:00  Probe  
  13  0:12  Probe  
  14  0:18  Pylon  
  14  0:24  Probe  
  15  0:36  Probe (Chrono Boost)  
  15  0:41  Gateway  
  16  0:46  Probe (Chrono Boost)  
  16  0:47  Assimilator  
  17  0:51  Probe (Chrono Boost)  
  18  1:02  Probe  
  19  1:15  Probe  
  20  1:24  Nexus  
  20  1:33  Cybernetics Core  
  20  1:36  Probe  
  21  1:43  Assimilator  
  21  1:49  Probe  
  21  1:52  Pylon  
  22  2:01  Probe  
  23  2:07  Adept (Chrono Boost)  
  23  2:11  Warp Gate  
  23  2:13  Probe  
  26  2:22  Twilight Council  
  26  2:25  Probe  
  27  2:30  Adept (Chrono Boost)  
  29  2:37  Probe x2  
  31  2:49  Probe x2  
  33  2:53  Robotics Facility  
  33  2:57  Resonating Glaives (Chrono Boost), Stalker  
  35  3:01  Probe  
  35  3:03  Probe  
  37  3:13  Probe  
  37  3:16  Probe  
  39  3:20  Gateway  
  39  3:25  Probe  
  40  3:28  Probe, Gateway  
  41  3:38  Warp Prism (Chrono Boost), Probe  
  41  3:40  Probe  
  45  3:47  Pylon  
  45  3:50  Pylon  
  45  3:52  Probe  
  46  4:05  Probe x2  
  46  4:07  Observer  
  49  4:11  Adept  
  49  4:15  Assimilator  
  49  4:16  Adept, Robotics Bay  
  53  4:17  Assimilator  
  53  4:20  Probe x2  
  53  4:22  Pylon  
  55  4:27  Adept  
  57  4:32  Probe x2  
  57  4:34  Pylon  
  59  4:41  Adept x2  
  59  4:45  Probe x2  
  65  4:48  Adept  
  67  4:59  Disruptor (Chrono Boost)  
  70  5:12  Pylon  
  70  5:13  Gateway  
  70  5:15  Gateway  
  70  5:19  Disruptor  
  70  5:20  Blink (Chrono Boost)  
  70  5:26  Gateway  
  73  5:33  Shield Battery, Pylon  
  73  5:40  Adept x3  
  73  5:55  Disruptor  
  76  5:59  Nexus, Probe  
  76  6:00  Shield Battery  
  76  6:03  Gateway  
  77  6:06  Gateway  
  77  6:09  Sentry x3  
  77  6:10  Probe  
  84  6:11  Probe  
  84  6:15  Pylon  
  84  6:18  Stalker  
  87  6:23  Observer  
  86  6:35  Stalker x4  
  86  6:37  Stalker  
  92  6:48  Pylon  
  92  6:49  Pylon  
  92  6:50  Adept  
  94  6:55  Probe x2  
  94  6:58  Adept  
  96  7:05  Stalker x3  
  101  7:09  Stalker  
  101  7:11  Probe x2  
  105  7:21  Probe (Chrono Boost)  
  106  7:23  Disruptor, Probe (Chrono Boost)  
  106  7:25  Forge  
  107  7:32  Probe (Chrono Boost)  
  107  7:35  Probe (Chrono Boost)  
  113  7:39  Probe (Chrono Boost)  
  113  7:44  Stalker x4  
  111  7:50  Stalker  
  111  7:51  Stalker  
  117  7:52  Probe x2  
  117  7:54  Probe  
  117  7:55  Protoss Ground Weapons Level 1 (Chrono Boost)  
  117  7:57  Pylon  
  120  8:04  Probe x2  
  122  8:06  Probe  
  123  8:14  Robotics Facility  
  123  8:17  Colossus (Chrono Boost)  
  123  8:19  Assimilator  
  129  8:20  Assimilator  
  129  8:21  Probe x2  
  129  8:26  Pylon  
  132  8:33  Probe  
  131  8:45  Nexus  
  131  8:46  Pylon  
  131  8:49  Extended Thermal Lance  
  131  8:52  Stalker x2  
  131  8:53  Stalker  
  131  8:54  Stalker  
  139  9:01  Probe x3  
  142  9:06  Colossus (Chrono Boost)  
  148  9:13  Colossus (Chrono Boost)  
  154  9:31  Shield Battery  
  154  9:32  Shield Battery  
  154  9:44  Pylon  
  154  9:45  Pylon  
  154  9:46  Protoss Ground Weapons Level 2 (Chrono Boost), Pylon  
  154  9:47  Templar Archives  
  154  9:54  Immortal (Chrono Boost)  
  162  10:01  Probe x4  
  162  10:02  Immortal (Chrono Boost)  
  166  10:08  Photon Cannon  
  166  10:11  Shield Battery  
  166  10:13  Stalker x4  
  174  10:17  Stalker  
  176  10:22  Photon Cannon, Stalker  
  174  10:35  Photon Cannon  
  169  10:36  Probe x4  
  173  10:52  High Templar  
  173  10:53  High Templar x3  
  173  10:54  Zealot x4  
  173  10:56  Photon Cannon  
  189  10:58  Archon, Pylon  
  189  11:03  Observer  
  189  11:09  Observer  
  189  11:20  Photon Cannon  
  189  11:21  Stalker x4  
  197  11:28  Stalker  
  199  11:38  Archon  
  159  11:47  Immortal x2 (Chrono Boost), Stalker x6  
  159  11:48  Stalker  
  159  11:54  Charge (Chrono Boost)  
  178  12:03  Gateway  
  178  12:04  Gateway, High Templar  
  180  12:11  Probe, Assimilator  
  180  12:12  Probe x2  
  180  12:13  Assimilator  
  181  12:15  High Templar  
  181  12:20  Archon  
  183  12:26  Stalker x5  
  183  12:27  Stalker  
  191  12:38  Zealot  
  188  12:48  Zealot  
  188  12:49  Zealot x3  
  191  13:18  Zealot x3  
  191  13:19  Zealot x2  
  178  13:41  Stargate  
  178  13:43  Stargate  
  178  13:45  Stalker x9  
  178  13:46  Stalker  
  178  13:48  Stargate  
Tags
 
Add a new tag
Caveats
  • Supply blocks, unpowered buildings, or Contaminate may cause inaccurate times.
  • Supply counts are checked every 10 seconds.